 Dungeon Crawl Stone Soup version 0.27-a0-1301-g128193abf8 (webtiles) character file.

Game seed: 5614742815406026254

271 mordus the Chopper (level 6, -4/51 HPs)
             Began as a Minotaur Fighter on June 17, 2021.
             Killed from afar by Grinder (7 damage)
             ... with a puff of flame
             ... while paralysed by Grinder
             ... on level 3 of the Dungeon.
             The game lasted 00:03:43 (3075 turns).

mordus the Chopper (Minotaur Fighter)               Turns: 3075, Time: 00:03:43

Health: -4/51      AC:  7    Str: 23    XL:     6   Next: 2%
Magic:  5/5        EV:  2    Int:  5    God:
Gold:   217        SH:  0    Dex:  9    Spells: 5/5 levels left

rFire    . . .     SeeInvis +   a - +0 war axe
rCold    . . .     Faith    .   c - +0 kite shield
rNeg     . . .     Spirit   .   b - +0 scale mail
rPois    .         Reflect  .   (helmet restricted)
rElec    .         Harm     .   (no cloak)
rCorr    .         Rampage  .   (no gloves)
Will     .....                  (no boots)
Stlth    ..........             (no amulet)
HPRegen  0.17/turn              u - ring of see invisible
MPRegen  0.09/turn              (no ring)

@: paralysed
A: horns 2, retaliatory headbutt
a: no special abilities


You were on level 3 of the Dungeon.
You visited 1 branch of the dungeon, and saw 3 of its levels.

You collected 217 gold pieces.

Inventory:

Hand Weapons
 a - a +0 war axe (weapon)
Missiles
 g - 6 curare-tipped darts (quivered)
Armour
 b - a +0 scale mail (worn)
 c - a +0 kite shield (worn)
 h - a +0 tower shield
 p - a +0 chain mail
Jewellery
 u - a ring of see invisible (left hand)
Scrolls
 i - a scroll of fear {unknown}
 m - a scroll of amnesia {unknown}
 o - a scroll of magic mapping {unknown}
 q - a scroll of enchant armour {unknown}
 r - a scroll of enchant weapon {unknown}
 s - a scroll of vulnerability {unknown}
 v - a scroll of immolation {unknown}
Potions
 d - a potion of might
 e - 2 potions of curing {unknown}
 f - a potion of heal wounds {unknown}
 j - a potion of resistance {unknown}
 k - 2 potions of lignification {unknown}
 l - 3 potions of mutation {unknown}
 n - a potion of degeneration {unknown}
 t - a potion of invisibility {unknown}


   Skills:
 - Level 3.6 Fighting
 * Level 6.4 Axes
 + Level 5.5 Armour
 - Level 3.6 Shields


You had 5 spell levels left.
You didn't know any spells.
Your spell library was empty.

Dungeon Overview and Level Annotations

Branches:
Dungeon (3/15)

Altars:
Makhleb

Annotations:
D:3 Grinder


Innate Abilities, Weirdness & Mutations

You have a pair of horns on your head.
You reflexively headbutt those who attack you in melee.


Message History

Grinder hits you. Grinder gestures at you. Pain shoots through your body!
You can move again.
You closely miss Grinder.
Grinder is lightly wounded.
Grinder hits you but does no damage. Grinder gestures at you.
Pain shoots through your body!
Your shield and scale mail prevent you from hitting Grinder.
Grinder is lightly wounded.
Grinder hits you but does no damage.
Unknown command.
You hit Grinder.
Grinder is lightly wounded.
Grinder gestures at you.
You shrug off the repeated paralysis!
Grinder barely misses you. You furiously retaliate!
You headbutt Grinder. You closely miss Grinder. Your headbutt misses Grinder.
Grinder is moderately wounded.
Grinder zaps a wand.
You block the puff of flame.
You closely miss Grinder. You headbutt Grinder, but do no damage.
Grinder is moderately wounded.
Grinder gestures at you. Pain shoots through your body! Grinder hits you.
You writhe in agony.
You slash Grinder!
Grinder is heavily wounded.
Grinder hits you.
You hit Grinder.
Grinder is heavily wounded.
Grinder hits you!
* * * LOW HITPOINT WARNING * * *
You writhe in agony.
* * * LOW HITPOINT WARNING * * *
You barely miss Grinder. You headbutt Grinder!
Grinder is severely wounded.
Grinder gestures at you.
You suddenly lose the ability to move!
Grinder zaps a wand.
The puff of flame hits you!
You die...

#.## ###.# ####.>...##### #
#.# ###.....# #.# #.......#
##.# #...).).# ###..#
###.#...# #...## #.#)).#
##...# #.#...# ###.#
#.#...##### #@#
##.##.....## #..5..#
#...#....)). #.......
#.).#.....##
#.....####...##..#.##
##..#.# #.....#...... ...
..##.#.#.#####.. # ####
###..#)#..###..# #.
####...##)##...####
#.#######....###.).###....#


You could see Grinder.

Vanquished Creatures
  A centaur (D:3)
  An orc priest (D:3)
  An orc wizard (D:2)
  Robin (D:3)
  5 adders
  2 worms (D:3)
  A dart slug (D:2)
  9 orcs
  7 endoplasms
  3 giant cockroaches
  12 goblins
  9 hobgoblins
  2 ball pythons
  3 bats
  A frilled lizard (D:3)
  6 kobolds
  5 rats
69 creatures vanquished.

Vanquished Creatures (others)
  A fungus (D:3)
  4 toadstools (D:3)
5 creatures vanquished.

Grand Total: 74 creatures vanquished

Notes
Turn   | Place    | Note
-------+----------+-------------------------------------------
     0 | D:1      | mordus the Minotaur Fighter began the quest for the Orb.
     0 | D:1      | Reached XP level 1. HP: 19/19 MP: 0/0
   250 | D:1      | Reached skill level 3 in Axes
   260 | D:1      | Reached XP level 2. HP: 23/26 MP: 1/1
   818 | D:2      | Found a faded altar of an unknown god.
   841 | D:2      | Reached XP level 3. HP: 26/31 MP: 2/2
   854 | D:2      | Reached skill level 4 in Axes
  1260 | D:2      | Reached XP level 4. HP: 35/39 MP: 3/3
  1471 | D:2      | Found a burning altar of Makhleb.
  1812 | D:3      | Reached skill level 5 in Axes
  1993 | D:3      | Noticed Robin
  1997 | D:3      | Reached XP level 5. HP: 43/45 MP: 4/4
  2006 | D:3      | Killed Robin
  2007 | D:3      | Reached skill level 5 in Armour
  2534 | D:3      | Noticed a centaur
  2549 | D:3      | Killed a centaur
  2550 | D:3      | Reached skill level 6 in Axes
  2791 | D:3      | Reached XP level 6. HP: 45/51 MP: 5/5
  3059 | D:3      | Noticed Grinder
  3064 | D:3      | Paralysed by Grinder for 4 turns
  3075 | D:3      | Paralysed by Grinder for 2 turns
  3075 | D:3      | Killed from afar by Grinder

Illustrated notes

Levels and vault maps discovered:
D:1:      ncdulo_smallfort, layout_basic
D:2:      layout_loops_ring, basic_ecumenical_altar, basic_altar,
          minmay_misc_feat_secret_circle
D:3:      minmay_general_purpose_star, layout_rooms, serial_co_window_serial,
          co_window_corner_a, co_window_paths_a, co_window_paths_a,
          co_window_paths_a, co_window_paths_b, co_window_cross_1,
          co_window_corner_a, co_window_cross_2, co_window_broadway_b,
          co_window_broadway_c, co_window_corner_cb, co_window_4corner_a,
          glass_columns_b, glass_columns_a, glass_columns_a, glass_columns_c,
          glass_columns_b, chequers_mini_garden, minmay_gold_behind_fungi,
          uniq_grinder, uniq_robin

Skill      XL: |  1  2  3  4  5 |
---------------+----------------+-----
Axes           | 3 4 5 6 |  6.4
Armour         | 4 5 |  5.5
Fighting       | |  3.6
Shields        | |  3.6

Action                   |  1- 3 |  4- 6 || total
-------------------------+-------+-------++-------
Melee: War axe           |    58 |    88 ||   146
       Headbutt          |     8 |    17 ||    25
Armor: Scale mail        |    29 |    30 ||    59
Dodge: Dodged            |    17 |    33 ||    50
Block: Kite shield       |    29 |    50 ||    79

Table legend: (Time is in decaauts)
 A = Elapsed time spent in this place.
 B = Non-inter-level travel time spent in this place.
 C = Inter-level travel time spent in this place.
 D = Time resting spent in this place.
 E = Time spent auto-exploring this place.
 F = Levels seen in this place.
 G = Mean time per level.
                   A        B        C        D        E       F      G
               +--------+--------+--------+--------+--------+-----+--------+
         Total |   3146 |   3112 |     34 |    468 |   2215 |   3 | 1048.7 |
       Dungeon |   3146 |   3112 |     34 |    468 |   2215 |   3 | 1048.7 |
               +--------+--------+--------+--------+--------+-----+--------+

Top non-repeatable levels by time:
     D:3: 1382 daAuts
     D:2: 982 daAuts
     D:1: 780 daAuts
